 Dungeon Crawl Stone Soup version 0.28-a0-691-gad6df49e81 (webtiles) character file.

Game seed: 18249331211693021786

51 rogsnak the Gusty (level 3, -1/19 HPs)
             Began as a Gargoyle Air Elementalist on Oct 21, 2021.
             Killed by divine providence
             ... invoked by an orc priest
              (10 damage)
             ... on level 3 of the Dungeon.
             The game lasted 00:03:07 (2042 turns).

rogsnak the Gusty (Gargoyle Air Elementalist)       Turns: 2042, Time: 00:03:07

Health: -1/19      AC:  5    Str: 11    XL:     3   Next: 81%
Magic:  6/6        EV: 12    Int: 16    God:
Gold:   54         SH:  0    Dex: 10    Spells: 5/6 levels left

rFire   . . .      SeeInvis .   m - +0 flail
rCold   . . .      Faith    .   (no shield)
rNeg    + . .      Spirit   .   a - +0 robe
rPois   ∞          Reflect  .   (no helmet)
rElec   +          Harm     .   (no cloak)
rCorr   .          Rampage  .   (no gloves)
Will    .....                   (no boots)
Stlth   ++........              (no amulet)
HPRegen 0.06/turn               (no ring)
MPRegen 0.10/turn               (no ring)

@: no status effects
A: sickness immunity, AC +3, negative energy resistance 1, electricity
resistance, torment resistance 1, petrification resistance
a: no special abilities


You were on level 3 of the Dungeon.
You visited 1 branch of the dungeon, and saw 3 of its levels.

You collected 54 gold pieces.

Inventory:

Hand Weapons
 c - a +0 short sword
 f - a +0 mace
 m - a +0 flail (weapon)
Missiles
 d - 62 stones
Armour
 a - a +0 robe (worn)
 l - a +2 ring mail of fire resistance
Scrolls
 b - 2 scrolls of magic mapping {unknown}
 g - a scroll of noise {unknown}
 i - a scroll of teleportation {unknown}
 k - a scroll of identify {unknown}
Potions
 e - a potion of curing {unknown}
 h - a potion of lignification {unknown}
 j - a potion of flight {unknown}


   Skills:
 + Level 1.8 Dodging
 - Level 2.2 Stealth
 + Level 2.4 Spellcasting
 * Level 1.7 Conjurations
 + Level 3.2 Air Magic


You had 5 spell levels left.
You knew the following spells:

 Your Spells              Type           Power      Damage    Failure   Level
a - Shock                 Conj/Air       36%        1d5       8%          1

Your spell library contained the following spells:

 Spells                   Type           Power      Damage    Failure   Level
 Static Discharge         Conj/Air       9%         N/A       11%         2
 Swiftness                Air            12%        N/A       16%         3
 Airstrike                Air            6%         N/A       45%         4
 Hailstorm                Conj/Ice       4%         3d4       80%         4
 Ice Form                 Ice/Tmut       1%         N/A       89%         4
 Simulacrum               Ice/Necr       0%         N/A       100%        6


Dungeon Overview and Level Annotations

Branches:
Dungeon (3/15)

Altars:


Innate Abilities, Weirdness & Mutations

You are immune to sickness and miasma.
Your stone body is resilient. (AC +3)
You are immune to poison.
You resist negative energy. (rN+)
You are resistant to electric shocks. (rElec)
You are resistant to unholy torment.
You are immune to petrification.


Message History

You closely miss the orc.
The orc is moderately wounded.
The orc hits you but does no damage.
You hit the orc but do no damage.
The orc is moderately wounded.
The orc hits you but does no damage. The orc hits you with a +0 flail.
You hit the orc.
The orc is severely wounded.
The orc hits you but does no damage.
You hit the orc.
You kill the orc!
Casting: Shock (safe; 8% risk of failure)
Confirm with . or Enter, or press ? or * to list all spells.
You can't see any susceptible monsters within range! (Use Z to cast anyway.) Unknown command.
Things that are here:
a +0 flail; a +2 ring mail of fire resistance
l - a +2 ring mail of fire resistance
m - a +0 flail
There is a stone staircase leading down here.
m - a +0 flail (weapon)
You start resting.
HP restored.
You climb downwards.
The orc priest invokes the aid of Beogh against you.
Beogh smites you!
Ouch! That really hurt!
The orc hits you but does no damage.
There is a stone staircase leading up here.
Casting: Shock (safe; 8% risk of failure)
Confirm with . or Enter, or press ? or * to list all spells.
Aiming: Shock (safe; 8% risk of failure)
Press: ? - help, Shift-Dir - straight line That beam is likely to hit you.
Continue anyway?
Okay, then.
The orc misses you.
The orc priest invokes the aid of Beogh against you.
Beogh smites you!
Ouch! That really hurt!
You die...

... .>## ....
##..## .... #..#
#..# ##..#
#@o.######.#
######..........#
.........#########
.######.## ....
#.##o# .. #.# ##
#o# o.#


You could see an orc priest, an orc wizard and an orc.

Vanquished Creatures
  A dart slug (D:1)
  An orc (D:2)
  An endoplasm (D:2)
  A giant cockroach (D:2)
  6 goblins
  3 hobgoblins
  3 jackals (D:1)
  3 quokkas (D:1)
  8 ball pythons
  5 bats
  2 frilled lizards
  6 kobolds
  3 rats
43 creatures vanquished.

Notes
Turn   | Place    | Note
-------+----------+-------------------------------------------
     0 | D:1      | rogsnak the Gargoyle Air Elementalist began the quest for
                  | the Orb.
     0 | D:1      | Reached XP level 1. HP: 10/10 MP: 3/3
    67 | D:1      | Reached XP level 2. HP: 3/15 MP: 1/5
   439 | D:1      | Reached skill level 3 in Air Magic
   604 | D:1      | Found a faded altar of an unknown god.
   611 | D:1      | Reached XP level 3. HP: 16/19 MP: 1/6
  2042 | D:3      | Killed from afar by an orc priest

Illustrated notes

Levels and vault maps discovered:
D:1:      minmay_arrival_glassed_features, layout_rooms,
          hellmonk_ecumenical_altar_zigzags
D:2:      layout_rooms, serial_corexii_hall, chequers_hall_statues_corner_a,
          chequers_hall_statues_y
D:3:      layout_basic, elyvilon_altar_5, serial_shops, shop, serial_undead,
          serial_undead_e, serial_undead_a, serial_undead_a, serial_undead_c,
          minmay_misc_feat_encased, uniq_jessica

Skill      XL: |  1  2 |
---------------+-------+-----
Air Magic      | 3 |  3.2
Dodging        | |  1.8
Stealth        | |  2.2
Spellcasting   | |  2.4
Conjurations   | |  1.7

Action                   || total
-------------------------++-------
Melee: Unarmed           ||    11
       Short sword       ||    14
       Mace              ||    22
 Cast: Shock             ||    59
Armor: Robe              ||    18
Dodge: Dodged            ||    34

Table legend: (Time is in decaauts)
 A = Elapsed time spent in this place.
 B = Non-inter-level travel time spent in this place.
 C = Inter-level travel time spent in this place.
 D = Time resting spent in this place.
 E = Time spent auto-exploring this place.
 F = Levels seen in this place.
 G = Mean time per level.
                   A        B        C        D        E       F      G
               +--------+--------+--------+--------+--------+-----+--------+
         Total |   2052 |   2034 |     18 |    550 |   1172 |   3 |  684.0 |
       Dungeon |   2052 |   2034 |     18 |    550 |   1172 |   3 |  684.0 |
               +--------+--------+--------+--------+--------+-----+--------+

Top non-repeatable levels by time:
     D:2: 1023 daAuts
     D:1: 1011 daAuts
     D:3: 16 daAuts
